AoeStats
← Der Sprudel

Arabia

507320786Analyzed
1v1 RM · 14d ago on Sep 17, 2026· 39m 29s· 2 players
Game mode
Random Map
Map size
Tiny (2 player)
Population
200
Speed
Normal
Resources
Standard
Victory
Conquest
Starting age
Dark Age
Ending age
Imperial Age
RankedLock teamsTeams togetherTeam positionsShared explorationLock speedFull tech treeHidden civsTurbo modeCheats
Victory
Defeat
🇩🇪 Burgundians · Germany
1267
+16
🇮🇳 Celts · India
1267
-16
Der Sprudel
4:55 Double-Bit Axe
6:53 Loom
7:09 Loom
10:14 Feudal Age
12:47 Horse Collar
19:12 Fletching
19:22 Scale Mail Armor
24:10 Castle Age
23:30 Gold Mining
23:48 Scale Barding Armor
25:15 Chain Barding Armor
24:31 Cavalier
25:34 Bow Saw
28:48 Husbandry
30:35 Wheelbarrow
30:27 Forging
32:12 Hand Cart
31:42 Town Watch
36:46 Stone Mining
38:27 Iron Casting
40:11 Two-Man Saw
39:50 Chain Mail Armor
zqllqaa098
0:48 Loom
9:48 Feudal Age
11:10 Man-at-Arms
13:30 Double-Bit Axe
16:14 Horse Collar
24:47 Castle Age
23:33 Gold Mining
26:43 Forging
27:18 Bow Saw
28:34 Scale Barding Armor
32:34 Pikeman
33:49 Scale Mail Armor
34:16 Town Watch
39:39 Wheelbarrow
39:47 Gold Shaft Mining
39:04 Stone Mining
Connection lost

Rejoining the realm…

Still unreachable

The connection could not be restored.

Session expired

The server has moved on; the page needs a fresh start.